[Event "Early-Titled-Tuesday-Blitz-May-07-2024"]
[Site "Chess.com"]
[Date "2024.05.07"]
[Round "3"]
[White "Artyom_ChessMate"]
[Black "Me_ch_an"]
[Result "0-1"]
[WhiteElo "2563"]
[BlackElo "2382"]
[TimeControl "180+1"]
[EndTime "8:31:44 PDT"]
[Termination "Me_ch_an won by checkmate"]

1. e4 c5 2. Nc3 a6 3. g3 b5 4. Bg2 Bb7 5. d3 e6 6. Nh3 Nf6 7. O-O d5 8. e5 Nfd7 9. f4 Nc6 10. f5 Ndxe5 11. fxe6 fxe6 12. Nf4 Qd6 13. Bh3 Nd4 14. a4 Be7 15. axb5 axb5 16. Rxa8+ Bxa8 17. Nb1 O-O 18. c3 Ndf3+ 19. Rxf3 Nxf3+ 20. Qxf3 Rf6 21. Qe2 e5 22.
Ng2 d4 23. Bg5 Rf8 24. Bxe7 Qxe7 25. Nd2 dxc3 26. bxc3 Qd6 27. Ne4 Qc6 28. Ne3 h6 29. Bg2 Qg6 30. Qa2+ Kh8 31. Nxc5 Bxg2 32. Qxg2 Rc8 33.
Qd5 Qf6 34. Ng4 Qb6 35. d4 exd4 36. cxd4 b4 37. Ne5 b3 38. Nf7+ Kh7 39. Nxb3 Qb4 40.
Nc5 Qe1+ 41. Kg2 Qe2+ 42. Kh3 Re8 43. Qf5+ g6 44. Qg4 Qf1+ 45. Kh4 g5+ 46. Kh5 Qxf7# 0-1

[Event "Early-Titled-Tuesday-Blitz-May-07-2024"]
[Site "Chess.com"]
[Date "2024.05.07"]
[Round "3"]
[White "patzer-reloaded"]
[Black "Shiner22"]
[Result "0-1"]
[WhiteElo "2468"]
[BlackElo "2281"]
[TimeControl "180+1"]
[EndTime "8:31:44 PDT"]
[Termination "Shiner22 won by checkmate"]

1. d4 Nf6 2. c4 e6 3. Nc3 Bb4 4. Nf3 b6 5. e3 Ne4 6. Qc2 Bb7 7.
Bd3 f5 8. Bd2 Bxc3 9. Bxc3 d6 10. Nd2 Nxc3 11. Qxc3 O-O 12. O-O Nd7 13. e4 f4 14. Nf3 a5 15. Rfd1 Qe7 16. b3 e5 17.
d5 g5 18. Nd2 g4 19. a3 Rf6 20. f3 Rg6 21. Be2 g3 22. h3 Bc8 23. b4 Qh4 24. Bf1 Nf6 25. c5 Bxh3 26. cxd6 cxd6 27. Qc6 Rf8 28. Qxd6 Ng4 29. Qxg6+ hxg6 30. fxg4 Bxg4 31. Bc4 Qh2+ 32. Kf1 Qh1# 0-1

[Event "Early-Titled-Tuesday-Blitz-May-07-2024"]
[Site "Chess.com"]
[Date "2024.05.07"]
[Round "3"]
[White "MaxLeto"]
[Black "NowInChess"]
[Result "1-0"]
[WhiteElo "2427"]
[BlackElo "2245"]
[TimeControl "180+1"]
[EndTime "8:31:44 PDT"]
[Termination "MaxLeto won on time"]

1. e4 e6 2. d4 d5 3. Nc3 Nc6 4. e5 f6 5. f4 fxe5 6. dxe5 Bc5 7.
Qg4 Qe7 8. Bd3 Nh6 9. Qh5+ Qf7 10. Qxf7+ Nxf7 11. a3 Bd7 12. Nf3 a6 13. h4 O-O-O 14.
Bd2 Nh6 15. Ng5 g6 16. h5 Rdg8 17. O-O-O Nf5 18. Nf7 Ng3 19. Nxh8 Nxh1 20. Rxh1 Rxh8 21. hxg6 h6 22. g4 Ne7 23. Rh5 Be8 24. f5 Kd7 25. Rxh6 Rxh6 26. Bxh6 Bd4 27. Bg7 c5 28. Ne2 Be3+ 29.
Kd1 exf5 30. Bxf5+ 1-0

[Event "Early-Titled-Tuesday-Blitz-May-07-2024"]
[Site "Chess.com"]
[Date "2024.05.07"]
[Round "3"]
[White "GMKrikor"]
[Black "LimeInTheCoconut"]
[Result "1-0"]
[WhiteElo "2853"]
[BlackElo "2596"]
[TimeControl "180+1"]
[EndTime "8:31:46 PDT"]
[Termination "GMKrikor won by checkmate"]

1. Nf3 Nf6 2. c4 c5 3. Nc3 g6 4.
e4 Nc6 5. d4 cxd4 6. Nxd4 d6 7.
Be2 Nxd4 8. Qxd4 Bg7 9. Be3 O-O 10. Qd2 Be6 11. O-O Qa5 12. Rfc1 Rfc8 13. b3 a6 14. Rab1 b5 15. b4 Qd8 16. cxb5 axb5 17. Bxb5 Rxc3 18.
Qxc3 Nxe4 19. Qc2 Nc3 20. a4 Nxb5 21. axb5 Bf5 22. Qc6 Bxb1 23. Rxb1 Rc8 24. Qa6 d5 25. Bc5 Ra8 26. Qc6 Rc8 27. Bxe7 Rxc6 28. Bxd8 Rc8 29. Ba5 d4 30. Rd1 Rb8 31. b6 f5 32. Kf1 Kf7 33. Rc1 Ke6 34. Ke2 Kd5 35. Rc5+ Kd6 36. Kd3 Bf6 37. Kc4 Rb7 38. Rd5+ Kc6 39. b5# 1-0

[Event "Early-Titled-Tuesday-Blitz-May-07-2024"]
[Site "Chess.com"]
[Date "2024.05.07"]
[Round "3"]
[White "sewlins"]
[Black "AsaHoffmann"]
[Result "0-1"]
[WhiteElo "2212"]
[BlackElo "2413"]
[TimeControl "180+1"]
[EndTime "8:31:47 PDT"]
[Termination "AsaHoffmann won on time"]

1. e4 d6 2. d4 c6 3. Nc3 a6 4.
a4 Nf6 5. Nf3 Bg4 6. Be2 e6 7.
h3 Bh5 8. O-O Be7 9. e5 dxe5 10.
dxe5 Nd5 11. Ne4 h6 12. Nd6+ Bxd6 13. exd6 Nd7 14. c4 N5f6 15. Bf4 O-O 16. Qc2 a5 17. Rfd1 Qb6 18. Be3 Qd8 19. c5 Nd5 20. Bd4 Bg6 21.
Qb3 b6 22. cxb6 N7xb6 23. Rac1 Rb8 24. Ne5 Nd7 25. Qg3 Nxe5 26. Qxe5 Qf6 27. Rxc6 Qxe5 28. Bxe5 Rfd8 29. Bc4 Rb4 30. Bxd5 exd5 31. Rxd5 Be4 32. Rcc5 Bxd5 33. Rxd5 Rxa4 34. d7 Rc4 35. Kh2 f6 36. Bg3 Kf7 37. b3 Rc6 38. Rxa5 Rxd7 39. Rb5 g6 40. Rb8 h5 41. h4 g5 42. Rb5 Re6 0-1

[Event "Early-Titled-Tuesday-Blitz-May-07-2024"]
[Site "Chess.com"]
[Date "2024.05.07"]
[Round "3"]
[White "Aminazinas"]
[Black "maksimys18"]
[Result "0-1"]
[WhiteElo "2652"]
[BlackElo "2512"]
[TimeControl "180+1"]
[EndTime "8:31:49 PDT"]
[Termination "maksimys18 won by checkmate"]

1. e4 e6 2. d4 d5 3. Nc3 Bb4 4.
exd5 exd5 5. Nf3 Ne7 6. Bd3 O-O 7. O-O c6 8. Ne2 Bf5 9. Ng3 Bxd3 10. Qxd3 Ng6 11. Nf5 Nd7 12. Bg5 f6 13. Be3 Qc7 14. c3 Bd6 15. Rfe1 Rae8 16. Bd2 Nb6 17. b3 Nc8 18.
Re2 Qd7 19. Rae1 Rxe2 20. Rxe2 Re8 21. g3 Rxe2 22. Qxe2 Qxf5 23. Qe8+ Nf8 24. Kg2 Qe6 25. Qd8 Nb6 26. c4 Qd7 27. Qxd7 Nbxd7 28. cxd5 cxd5 29.
Ne1 Kf7 30. Nc2 Ke6 31. f3 Nb6 32. Kf2 Nfd7 33. Ke3 Nc8 34. g4 Bxh2 35. Kd3 g5 36.
Ne3 Bf4 37. Nf5 Bxd2 38. Kxd2 Nd6 39. Ng3 Nf8 40. Kd3 Ng6 41. Nf1 Nf4+ 42. Ke3 h5 43. gxh5 Nxh5 44. Nd2 Nf5+ 45. Kd3 Nf4+ 46. Kc2 Ne3+ 47.
Kc3 Nf5 48. b4 Ne2+ 49. Kd3 Nexd4 50. a4 Nc6 51. b5 Ne5+ 52. Ke2 d4 53. Nb3 d3+ 54. Kd2 Kd5 55. Na5 Kd4 56. Nxb7 Nxf3+ 57. Kd1 Ne3+ 58. Kc1 d2+ 59. Kb2 d1=Q 60. Nd6 Qc2+ 61. Ka3 Nc4+ 62. Kb4 Nxd6 63. Ka5 Qc3+ 64. Ka6 Qc8+ 65.
Ka5 Qc7+ 66. b6 Qxb6# 0-1

[Event "Early-Titled-Tuesday-Blitz-May-07-2024"]
[Site "Chess.com"]
[Date "2024.05.07"]
[Round "3"]
[White "Zapateado"]
[Black "masnyszachistaaa"]
[Result "0-1"]
[WhiteElo "2389"]
[BlackElo "2586"]
[TimeControl "180+1"]
[EndTime "8:31:49 PDT"]
[Termination "masnyszachistaaa won by checkmate"]

1. c4 c6 2. e4 d5 3. cxd5 cxd5 4. exd5 Qxd5 5. Nc3 Qd8 6. Nf3 Nf6 7. Bc4 e6 8. O-O Be7 9. d4 O-O 10. Qe2 b6 11.
Bf4 Bb7 12. Rfe1 Nc6 13. Rad1 Nb4 14. Ne5 Nbd5 15. Bg3 Rc8 16. Nxd5 Bxd5 17. Ba6 Ra8 18. a3 Ne4 19. Bd3 Nxg3 20. hxg3 Bf6 21. Kh2 g6 22. g4 Rc8 23. Ba6 Rc7 24. f4 Bb3 25. Rd3 Rc2 26. Qf1 Rxb2 27. Rb1 Rxb1 28. Qxb1 Bd5 29. Rh3 Bxe5 30. dxe5 Bc6 31. Bd3 Qd5 32.
Rg3 Rd8 33. Bc2 Qd2 34. f5 Qh6+ 35. Rh3 Qf4+ 36. Kg1 Qxg4 37. fxg6 hxg6 38. Rd3 Qxg2# 0-1

[Event "Early-Titled-Tuesday-Blitz-May-07-2024"]
[Site "Chess.com"]
[Date "2024.05.07"]
[Round "3"]
[White "average_trans"]
[Black "stratacticos"]
[Result "1-0"]
[WhiteElo "2328"]
[BlackElo "1833"]
[TimeControl "180+1"]
[EndTime "8:31:50 PDT"]
[Termination "average_trans won on time"]

1. d4 Nf6 2. c4 c5 3. d5 b5 4.
cxb5 a6 5. bxa6 e6 6. dxe6 fxe6 7. Nc3 d5 8. e3 Bd6 9. Nf3 O-O 10. Bb5 Bxa6 11.
Bxa6 Nxa6 12. O-O Nc7 13. b3 e5 14. Bb2 d4 15. exd4 exd4 16. Ne2 Ng4 17. Ng3 Nd5 18. Qc2 Nf4 19. Rfd1 Qf6 20. Ne4 Nh3+ 21. gxh3 Qxf3 22. hxg4 Qxg4+ 23. Ng3 h5 24. Qe4 Bf4 25. Qe2 Bxg3 26. Qc4+ Kh8 27. hxg3 h4 28. Rd3 Rae8 29. Rf1 Re2 30.
Bxd4 cxd4 31. Rxd4 Qf3 32. Rxh4+ 1-0

[Event "Early-Titled-Tuesday-Blitz-May-07-2024"]
[Site "Chess.com"]
[Date "2024.05.07"]
[Round "3"]
[White "Revan_2002"]
[Black "Kotofeyca"]
[Result "1-0"]
[WhiteElo "2735"]
[BlackElo "2507"]
[TimeControl "180+1"]
[EndTime "8:31:51 PDT"]
[Termination "Revan_2002 won by resignation"]

1. c4 c6 2. Nf3 d5 3. e3 Nf6 4. b3 Bg4 5. Bb2 Nbd7 6. h3 Bh5 7. Be2 e6 8. O-O Bd6 9. d4 Qe7 10. Ne5 Bxe2 11. Qxe2 Ne4 12. Nd2 Ndf6 13.
Ndf3 O-O 14. Nd3 Ba3 15. Rfc1 Bxb2 16. Qxb2 Rfd8 17. b4 Nd6 18. Nfe5 Nd7 19. c5 Ne4 20.
b5 Nxe5 21. Nxe5 f6 22. Nd3 Rab8 23. a4 Qc7 24. Rab1 Qa5 25. Qb4 Qxb4 26. Nxb4 Rdc8 27. bxc6 bxc6 28. Na6 Rxb1 29. Rxb1 Nd2 30. Rb7 e5 31. dxe5 fxe5 32. Rxa7 d4 33. exd4 exd4 34. Rd7 Nb3 35.
f4 Ra8 36. Nc7 Rxa4 37. Ne6 g6 38. Rg7+ Kh8 39. Rb7 h5 40. Rxb3 Ra1+ 41. Kh2 Re1 42.
Nxd4 1-0

[Event "Early-Titled-Tuesday-Blitz-May-07-2024"]
[Site "Chess.com"]
[Date "2024.05.07"]
[Round "3"]
[White "Barbix1"]
[Black "Strong_Prodigy"]
[Result "0-1"]
[WhiteElo "2271"]
[BlackElo "2502"]
[TimeControl "180+1"]
[EndTime "8:31:53 PDT"]
[Termination "Strong_Prodigy won on time"]

1. d4 Nf6 2. c4 e6 3. Nf3 d5 4. g3 dxc4 5. Bg2 Bb4+ 6. Bd2 c5 7. Qc2 O-O 8. O-O Bxd2 9. Nbxd2 cxd4 10. Nxc4 Nc6 11.
Rfd1 a5 12. Rac1 Re8 13. Nce5 Nxe5 14. Nxe5 Qb6 15. Qc7 Qxb2 16. Qxf7+ Kh8 17. Rb1 Qxe2 18. Re1 Qh5 19. Qc7 Kg8 20. Bf3 Qf5 21. Rbc1 Rf8 22. Qd6 Ne8 23. Qe7 Qf6 24. Qc5 g6 25. Bg2 Ng7 0-1

[Event "Early-Titled-Tuesday-Blitz-May-07-2024"]
[Site "Chess.com"]
[Date "2024.05.07"]
[Round "3"]
[White "mortngabriel"]
[Black "KogotBobra17"]
[Result "0-1"]
[WhiteElo "2509"]
[BlackElo "2740"]
[TimeControl "180+1"]
[EndTime "8:31:55 PDT"]
[Termination "KogotBobra17 won on time"]

1. e4 e5 2. f4 d5 3. exd5 exf4 4.
Nf3 Nf6 5. Bc4 Nxd5 6. Bb3 Be7 7.
c4 Nb4 8. d4 Bf5 9. O-O O-O 10.
a3 N4c6 11. Bxf4 Bf6 12. d5 Na5 13. Bc2 Qd7 14. Be5 Nxc4 15. Bxf6 Ne3 16. Ne5 Nxd1 17. Nxd7 Bxc2 18. Nxf8 gxf6 19. Nd2 Ne3 20. Rf3 Nxd5 21. Rc1 Ba4 22. Rg3+ Kxf8 23. Ne4 Nd7 24. Nc5 Nxc5 25. Rxc5 Bc6 26. Rc4 Re8 27. Rh4 Re1+ 28. Kf2 Rb1 29. Rxh7 Rxb2+ 30. Ke1 Nf4 31. Rh8+ Ke7 32. Rh4 Nxg2+ 0-1

[Event "Early-Titled-Tuesday-Blitz-May-07-2024"]
[Site "Chess.com"]
[Date "2024.05.07"]
[Round "3"]
[White "martinmena"]
[Black "JJDAREK"]
[Result "0-1"]
[WhiteElo "2103"]
[BlackElo "2370"]
[TimeControl "180+1"]
[EndTime "8:31:55 PDT"]
[Termination "JJDAREK won by resignation"]

1. c4 d6 2. Nc3 g6 3. g3 Bg7 4. Bg2 Nf6 5. d3 O-O 6. Bg5 h6 7. Bd2 c6 8. e4 a6 9. Nge2 Nbd7 10. h3 Kh7 11. O-O b5 12. a3 bxc4 13. dxc4 a5 14. Be3 Rb8 15. Rb1 Ba6 16. Qa4 Ne5 17. b3 Qc7 18. f4 Ned7 19. Rfd1 Rfc8 20. Kh2 h5 21.
Nd4 Nc5 22. Qxc6 Qxc6 23. Nxc6 Rxc6 24. e5 Rcb6 25. exf6 Bxf6 26. Bxc5 dxc5 27. Nd5 Rxb3 28. Rxb3 Rxb3 29. Nxf6+ exf6 30. Rd6 Bxc4 31. Rxf6 Rxa3 32. Rc6 Ra2 33. Kg1 Rxg2+ 34. Kh1 Bd5 35. Rd6 Rd2+ 36. Kg1 c4 37. Rd7 c3 38. f5 c2 39. fxg6+ Kxg6 40. Rd6+ f6 41. Rc6 Bxc6 0-1

[Event "Early-Titled-Tuesday-Blitz-May-07-2024"]
[Site "Chess.com"]
[Date "2024.05.07"]
[Round "3"]
[White "faraone99"]
[Black "Kostina_Nadezhda"]
[Result "1-0"]
[WhiteElo "2524"]
[BlackElo "2316"]
[TimeControl "180+1"]
[EndTime "8:31:56 PDT"]
[Termination "faraone99 won on time"]

1. e4 c6 2. d4 d5 3. exd5 cxd5 4. Bd3 Nc6 5. c3 Nf6 6. Bf4 Bg4 7. Qb3 Na5 8. Qa4+ Bd7 9. Qc2 e6 10. Nf3 Rc8 11.
Nbd2 Be7 12. Ne5 O-O 13. O-O Nc6 14. Ndf3 Nxe5 15. Nxe5 a6 16. a4 Bc6 17. Qe2 Nd7 18.
Rfe1 Nxe5 19. Bxe5 Bf6 20. Qf3 Bxe5 21. Rxe5 Qf6 22.
Qg3 Rfe8 23. f4 b5 24. axb5 Bxb5 25. Bc2 Re7 26. Rae1 Rb7 27. f5 Bd7 28. fxe6 Bxe6 29. Rf1 Qh6 30. b4 Rbc7 31. Re3 Qh5 32. Rf4 g5 33.
Rf6 Qh4 34. Qe5 a5 35. bxa5 Ra7 36. Rxe6 Rxa5 37. Re8+ Rxe8 38. Qxe8+ Kg7 39. Qe5+ Kg8 40. Rg3 Ra1+ 41. Kf2 Ra2 42. Qxg5+ 1-0

[Event "Early-Titled-Tuesday-Blitz-May-07-2024"]
[Site "Chess.com"]
[Date "2024.05.07"]
[Round "3"]
[White "GothamChess"]
[Black "alexrustemov"]
[Result "0-1"]
[WhiteElo "2719"]
[BlackElo "2960"]
[TimeControl "180+1"]
[EndTime "8:31:57 PDT"]
[Termination "alexrustemov won by checkmate"]

1. e4 e6 2. b3 d5 3. Bb2 Nf6 4. e5 Nfd7 5. Qg4 c5 6. f4 Nc6 7.
Nf3 a6 8. Nc3 b5 9. a4 b4 10. Nd1 g6 11. h4 h5 12. Qh3 Ne7 13. Ng5 Nf5 14. Ne3 Bb7 15. Bd3 d4 16. Nxf5 gxf5 17.
a5 Be7 18. Bc4 Nf8 19. c3 Ng6 20. Rf1 Qd7 21. cxb4 cxb4 22. g3 Kf8 23. Qh2 Kg7 24.
Qf2 Rad8 25. Qe2 d3 26. Qe3 Bd5 27. Qxd3 Qc6 28. Qe2 Bxg5 29. fxg5 f4 30. Rc1 fxg3 31. Bd3 Qd7 32. Rf6 Bxb3 33. Bxg6 fxg6 34. Qe3 g2 35. Ke2 Bc4+ 36. Rxc4 g1=Q 37. Qxg1 Qxd2+ 38. Kf3 Rd3+ 39. Ke4 Qe2+ 40. Kf4 Qf3# 0-1

[Event "Early-Titled-Tuesday-Blitz-May-07-2024"]
[Site "Chess.com"]
[Date "2024.05.07"]
[Round "3"]
[White "Shota_Azaladze"]
[Black "Szparu"]
[Result "1-0"]
[WhiteElo "2727"]
[BlackElo "2940"]
[TimeControl "180+1"]
[EndTime "8:31:57 PDT"]
[Termination "Shota_Azaladze won by checkmate"]

1. Nf3 d5 2. g3 c6 3. Bg2 Bg4 4. O-O Nd7 5. d3 e5 6. Nbd2 Bd6 7. e4 Ngf6 8. h3 Bh5 9. exd5 cxd5 10. c4 O-O 11.
cxd5 Nxd5 12. Qb3 N5b6 13. Ne4 Be7 14. a4 a5 15. Be3 Bb4 16. d4 Re8 17. dxe5 Nxe5 18.
Nxe5 Rxe5 19. g4 Bg6 20. Rfd1 Qe7 21. Ng3 Nd7 22. Bf4 Nc5 23. Qc4 Re6 24. Nf5 Qe8 25.
Nd4 Rf6 26. Bg3 h6 27. Nb5 Rd8 28. Nc7 Qf8 29. Rxd8 Qxd8 30. Nd5 Bd3 31. Nxf6+ Qxf6 32. Qf4 Qxb2 33. Rd1 Qc2 34. Rc1 Qxa4 35. Bd5 Qd7 36. Ba2 Bg6 37. h4 Nd3 38. Qb8+ Kh7 39. Rc8 Be4 40. h5 g6 41. hxg6+ Kxg6 42. Rg8+ Kf6 43. Bh4# 1-0

[Event "Early-Titled-Tuesday-Blitz-May-07-2024"]
[Site "Chess.com"]
[Date "2024.05.07"]
[Round "3"]
[White "Artemiki"]
[Black "scarabee43"]
[Result "1-0"]
[WhiteElo "2500"]
[BlackElo "2827"]
[TimeControl "180+1"]
[EndTime "8:31:57 PDT"]
[Termination "Artemiki won by resignation"]

1. e4 c5 2. Nf3 e6 3. d4 cxd4 4. Nxd4 Nc6 5. Bf4 d6 6. Nxc6 bxc6 7. c4 e5 8. Be3 Nf6 9. Nc3 Be7 10.
Be2 O-O 11. O-O a5 12. a3 Rb8 13. Rb1 Be6 14. b4 axb4 15. axb4 d5 16. exd5 cxd5 17. cxd5 Nxd5 18. Nxd5 Bxd5 19. b5 Qd6 20. b6 Rfd8 21. Qa4 Qg6 22. g3 Ra8 23. Qg4 Qf6 24. Rfd1 Bb7 25.
h4 Rxd1+ 26. Rxd1 Qc6 27. Qh3 Ra2 28. Bf1 Qf3 29. Rc1 Qf6 30. Rc8+ Bd8 31. Qd7 h5 32. Qxb7 Kh7 33. Qe4+ g6 34. Qd5 Ra1 35. Qxd8 Qg7 36. b7 1-0

[Event "Early-Titled-Tuesday-Blitz-May-07-2024"]
[Site "Chess.com"]
[Date "2024.05.07"]
[Round "3"]
[White "RusPakhom"]
[Black "Senn71"]
[Result "0-1"]
[WhiteElo "2381"]
[BlackElo "2216"]
[TimeControl "180+1"]
[EndTime "8:31:57 PDT"]
[Termination "Senn71 won by resignation"]

1. d4 d5 2. c4 c6 3. Nc3 Nf6 4.
Nf3 a6 5. e3 b5 6. b3 Bg4 7. h3 Bxf3 8. Qxf3 e6 9. Bd2 Nbd7 10. g4 h6 11. Qg2 Bb4 12. Bd3 Qa5 13. Rc1 Bxc3 14. Bxc3 Qxa2 15. O-O Qxb3 16. c5 b4 17. Bc2 Qxc3 18. Ba4 Qd3 19. Bc2 Qb5 20. Ra1 O-O 21. Rfb1 a5 22. h4 Qc4 23. Rc1 Qb5 24. g5 hxg5 25. hxg5 Ne4 26. Qh2 f5 27. g6 Ndf6 28. f3 Nc3 29. Re1 b3 30. Qe5 Rfe8 31.
Bxf5 exf5 32. Qxf5 b2 33. Rab1 Nxb1 34. Rxb1 Qe2 35.
e4 dxe4 36. f4 e3 0-1

[Event "Early-Titled-Tuesday-Blitz-May-07-2024"]
[Site "Chess.com"]
[Date "2024.05.07"]
[Round "3"]
[White "Arlo2024"]
[Black "Felix-Rose"]
[Result "1-0"]
[WhiteElo "2409"]
[BlackElo "2201"]
[TimeControl "180+1"]
[EndTime "8:31:58 PDT"]
[Termination "Arlo2024 won by resignation"]

1. e4 e5 2. Nf3 Nc6 3. Bc4 Nf6 4.
d4 exd4 5. O-O Nxe4 6. Re1 d5 7. Bxd5 Qxd5 8. Nc3 Qd7 9. Nxe4 Be7 10. Bg5 O-O 11.
Bxe7 Qxe7 12. Nxd4 Bd7 13. c3 Rad8 14. Qh5 Rfe8 15.
Nf3 g6 16. Qh6 f6 17. h4 Qg7 18. Qf4 f5 19. Neg5 Bc8 20. Qc4+ Kf8 21. Rad1 Rxd1 22.
Rxd1 h6 23. Nh3 Qf7 24. Qc5+ Kg7 25. Nf4 Qe7 26. Qb5 a6 27. Qc4 Be6 28. Qa4 Bf7 29. Nd4 Nxd4 30. Qxd4+ Qe5 31. Qxe5+ Rxe5 32. Rd7 g5 33.
hxg5 hxg5 34. Nd3 Re2 35. Rxc7 Rd2 36. Ne5 1-0

[Event "Early-Titled-Tuesday-Blitz-May-07-2024"]
[Site "Chess.com"]
[Date "2024.05.07"]
[Round "3"]
[White "Alina_Gumerovna"]
[Black "milovichalex"]
[Result "1-0"]
[WhiteElo "2181"]
[BlackElo "2367"]
[TimeControl "180+1"]
[EndTime "8:31:58 PDT"]
[Termination "Alina_Gumerovna won on time"]

1. e4 e5 2. Nf3 Nc6 3. Bb5 a6 4.
Ba4 Nf6 5. O-O Be7 6. d4 exd4 7. e5 Ne4 8. Re1 Nc5 9. Bxc6 dxc6 10. Qxd4 Bf5 11. Na3 Ne6 12. Qc3 a5 13. Bd2 Bb4 14. Qe3 Bc5 15. Qc3 O-O 16. Nc4 Nd4 17. Nxd4 Bxd4 18.
Qf3 Bxc2 19. Rac1 Bd3 20. Ne3 Bxb2 21. Rcd1 Qe7 22. Ng4 Bc2 23. Bf4 Bxd1 24. Rxd1 Rad8 25. Re1 Rd5 26. Bh6 gxh6 27. Nf6+ Kh8 28. Qf5 Qxf6 29.
Qxf6+ Kg8 30. h4 1-0

[Event "Early-Titled-Tuesday-Blitz-May-07-2024"]
[Site "Chess.com"]
[Date "2024.05.07"]
[Round "3"]
[White "valeriocarnicelli"]
[Black "Yaacovn"]
[Result "0-1"]
[WhiteElo "2554"]
[BlackElo "2851"]
[TimeControl "180+1"]
[EndTime "8:31:59 PDT"]
[Termination "Yaacovn won by resignation"]

1. e4 c6 2. Nc3 d5 3. Nf3 dxe4 4.
Nxe4 Nf6 5. Qe2 Bg4 6. Nxf6+ gxf6 7. h3 Bh5 8. d3 e6 9. Bd2 Nd7 10. Bc3 Qc7 11. O-O-O Qf4+ 12. Bd2 Qa4 13. Kb1 O-O-O 14.
Bc3 Bd6 15. Qe4 Qxe4 16. dxe4 Bc5 17. Be1 Ne5 18. Be2 Rxd1+ 19. Bxd1 Rd8 20. Be2 Nxf3 21. gxf3 Rg8 22. Kc1 Rg2 23. Kd1 Bxf2 24. Bc3 Bh4 25. a4 Kc7 26. a5 b6 27. axb6+ axb6 28. b4 e5 29. Bd2 Bg5 30. Be1 b5 31. c3 Kd7 32. h4 Be3 33. Rf1 Ke6 34. Bd2 Bxd2 35. Kxd2 f5 36. exf5+ Kxf5 37. Ke3 Ke6 38. Ra1 f5 39. Rf1 f4+ 40. Kd3 e4+ 41. Kd4 Rxe2 0-1

[Event "Early-Titled-Tuesday-Blitz-May-07-2024"]
[Site "Chess.com"]
[Date "2024.05.07"]
[Round "3"]
[White "jk13"]
[Black "slorovel"]
[Result "0-1"]
[WhiteElo "2663"]
[BlackElo "2517"]
[TimeControl "180+1"]
[EndTime "8:32:00 PDT"]
[Termination "slorovel won by resignation"]

1. e4 e6 2. d4 d5 3. Nd2 e5 4.
dxe5 dxe4 5. Nxe4 Qxd1+ 6. Kxd1 Nc6 7. f4 Bg4+ 8. Be2 O-O-O+ 9. Ke1 Bf5 10. Ng5 Nh6 11.
c3 f6 12. N5f3 Bc5 13. b4 Bb6 14. a4 a5 15. b5 Ne7 16. Nd4 fxe5 17. fxe5 Be4 18.
Ngf3 Nhf5 19. Bg5 Rde8 20. Rd1 h6 21. Bc1 g5 22. g4 Nh4 23. Rf1 Nd5 24. Nxh4 gxh4 25.
Bb2 Rxe5 26. Kd2 Rhe8 27. Rde1 Bg2 28. Rg1 h3 29. c4 Re4 30. Nf5 Nf4 31. Bd1 Bxg1 32.
Rxg1 Rd8+ 33. Kc1 Ne2+ 34. Bxe2 Rxe2 35. Bc3 Rf2 36. Rd1 Rxd1+ 37. Kxd1 Bf3+ 38. Ke1 Rxh2 39. Nxh6 Rg2 40. Be5 h2 41. Bxh2 Rxh2 42. Nf5 Rg2 43. Ne3 Re2+ 0-1

[Event "Early-Titled-Tuesday-Blitz-May-07-2024"]
[Site "Chess.com"]
[Date "2024.05.07"]
[Round "3"]
[White "Larina_Maria"]
[Black "EgorYakovlev"]
[Result "0-1"]
[WhiteElo "2353"]
[BlackElo "2577"]
[TimeControl "180+1"]
[EndTime "8:32:00 PDT"]
[Termination "EgorYakovlev won by resignation"]

1. e4 c5 2. Nc3 a6 3. g3 b5 4.
Bg2 Bb7 5. a4 b4 6. Nd5 e6 7. Ne3 Nf6 8. d3 d5 9. e5 Nfd7 10. f4 Qb6 11. Nf3 h5 12. c3 g6 13.
O-O a5 14. Kh1 Nc6 15. c4 Ne7 16. b3 d4 17. Nc2 Nf5 18. Nfe1 h4 19. g4 Nh6 20. h3 O-O-O 21. Bxb7+ Qxb7+ 22. Qf3 Be7 23. Qxb7+ Kxb7 24. Nf3 Kc6 25. Nce1 Ng8 26. Ng2 f6 27. exf6 Bxf6 28. Re1 Kd6 29. Bd2 Ne7 30. Ng5 Bxg5 31. fxg5 Nc6 32. Re2 Rdf8 33. Rae1 e5 34. Kg1 Rf3 35. Rf2 Rxh3 36. Ref1 Rxd3 37. Bc1 h3 38. Ne1 Rxb3 39. Rf7 Rc3 40. Rg7 Rxc1 41. Rxg6+ Kc7 42. Rg7 e4 43. Kf2 Rf8+ 44. Ke2 Rxf1 45. Kxf1 d3 46. Kf2 d2 0-1

[Event "Early-Titled-Tuesday-Blitz-May-07-2024"]
[Site "Chess.com"]
[Date "2024.05.07"]
[Round "3"]
[White "maHmoUd-S-haddAd-M"]
[Black "WindWhistler11"]
[Result "1-0"]
[WhiteElo "2325"]
[BlackElo "2555"]
[TimeControl "180+1"]
[EndTime "8:32:01 PDT"]
[Termination "maHmoUd-S-haddAd-M won on time"]

1. e4 e6 2. d4 d5 3. Bd3 Nc6 4. c3 e5 5. Nf3 Bg4 6. O-O Nf6 7.
h3 Bh5 8. g4 dxe4 9. Bxe4 Nxe4 10.
gxh5 Be7 11. Re1 Ng5 12. Bxg5 Bxg5 13. Nxe5 O-O 14. Nd2 Bxd2 15. Qxd2 Qh4 16. h6 Rfe8 17.
Nxc6 bxc6 18. hxg7 Qxh3 19. Qf4 Rad8 20. Qg3 Qh6 21.
Rxe8+ Rxe8 22. Kg2 Re6 23. Rh1 Qxg7 24. Qxg7+ Kxg7 25. Kf3 c5 26. dxc5 a5 27. Rh4 Re5 28. Rc4 h5 29. c6 Kg6 30. a3 Kg5 31. b4 1-0

[Event "Early-Titled-Tuesday-Blitz-May-07-2024"]
[Site "Chess.com"]
[Date "2024.05.07"]
[Round "3"]
[White "Kyrko_Gamba"]
[Black "jinxy2009"]
[Result "1-0"]
[WhiteElo "2480"]
[BlackElo "2291"]
[TimeControl "180+1"]
[EndTime "8:32:01 PDT"]
[Termination "Kyrko_Gamba won by resignation"]

1. e4 e5 2. Nf3 Nc6 3. Bc4 Nf6 4. d3 Bc5 5. c3 O-O 6. Bg5 h6 7. Bh4 d6 8. Nbd2 a5 9. a4 Ba7 10. h3 Qe7 11. Nf1 Be6 12. Bxe6 Qxe6 13. Ne3 Ne7 14.
g4 Bxe3 15. fxe3 Ng6 16. Qe2 d5 17. Bxf6 Qxf6 18. exd5 e4 19. dxe4 Rfe8 20. Nd2 Ne5 21. O-O-O Ra6 22. Kc2 Qd6 23. Nb3 Rb6 24. Nd4 Qd7 25.
b3 c5 26. dxc6 Nxc6 27. Rhf1 Qe7 28. Kb2 Qxe4 29. Qc4 Ne5 30. Qc7 Rf6 31. Rxf6 gxf6 32. Nf5 Qg2+ 33. Ka3 Qxh3 34. Nd6 Rf8 35. Ne4 Qxg4 36.
Nxf6+ Kg7 37. Nxg4 Nxg4 38. Rg1 1-0

[Event "Early-Titled-Tuesday-Blitz-May-07-2024"]
[Site "Chess.com"]
[Date "2024.05.07"]
[Round "3"]
[White "viditchess"]
[Black "nochewycandy"]
[Result "1-0"]
[WhiteElo "3119"]
[BlackElo "2812"]
[TimeControl "180+1"]
[EndTime "8:32:02 PDT"]
[Termination "viditchess won on time"]

1. c4 e5 2. g3 Nf6 3. Bg2 h6 4. d3 Bb4+ 5. Bd2 Bxd2+ 6. Qxd2 O-O 7. Nf3 Re8 8. Nc3 c6 9. O-O d5 10. cxd5 cxd5 11. d4 e4 12. Ne5 Be6 13. f3 exf3 14. exf3 Nbd7 15. Rfe1 Rc8 16. Rad1 a6 17. Qf2 Nb6 18.
Re2 Nc4 19. g4 Nxb2 20. Rxb2 Rxc3 21. Rxb7 Qa5 22. h4 Qa4 23. Rd2 Rc1+ 24. Kh2 Rec8 25.
g5 hxg5 26. hxg5 Nh7 27. Qg3 Qa5 28. Qf4 R1c7 29. Rdb2 Qc3 30. g6 fxg6 31. Nxg6 Nf6 32.
Rxc7 Qxc7 33. Qe5 Kf7 34. Nf4 Rh8+ 35. Kg3 Qxe5 36. dxe5 Nd7 37. Rb7 Re8 38. Nxe6 Kxe6 39.
Bh3+ 1-0

[Event "Early-Titled-Tuesday-Blitz-May-07-2024"]
[Site "Chess.com"]
[Date "2024.05.07"]
[Round "3"]
[White "Airquake"]
[Black "JG-17"]
[Result "1-0"]
[WhiteElo "2814"]
[BlackElo "2525"]
[TimeControl "180+1"]
[EndTime "8:32:02 PDT"]
[Termination "Airquake won by resignation"]

1. e4 c5 2. Nf3 d6 3. Nc3 Nf6 4. d4 cxd4 5. Nxd4 g6 6. g3 Nc6 7. Nb3 Bg7 8. Bg2 O-O 9. O-O Be6 10. Nd5 Ne5 11. Nd4 Bg4 12. f3 Nxd5 13. exd5 Bd7 14.
b3 Rc8 15. Be3 b5 16. h3 f5 17. f4 Nf7 18. Qd3 b4 19. Rae1 Rc3 20. Qd2 Qc7 21.
Bf2 Re8 22. Re2 Nd8 23. Rfe1 Bf6 24. Nf3 Bb5 25. Re3 Rxc2 26. Qxb4 Bd7 27. R3e2 a5 28. Rxc2 Qxc2 29. Qxa5 Bc3 30. Qc7 Bb5 31. Rxe7 Rxe7 32. Qxe7 Nf7 33. Qe6 Kg7 34. Ng5 Nxg5 35. fxg5 Qc1+ 36.
Kh2 Qd2 37. Qe7+ Kg8 38. Qd8+ Kg7 39. Qc7+ Kg8 40. Qb8+ Kg7 41. Qxb5 Qxf2 42. Qd7+ Kg8 43. Qc8+ Kg7 44. Qxc3+ 1-0